 Dungeon Crawl Stone Soup version 0.22.1-2-g9c5b331383 (webtiles) character file.

1173 Grim the Cruncher (level 8, -13/70 HPs)
             Began as a Minotaur Gladiator on Jan 3, 2019.
             Mangled by an ogre
             ... wielding a +0 giant club
              (20 damage)
             ... on level 5 of the Dungeon.
             The game lasted 00:09:18 (5502 turns).

Grim the Cruncher (Minotaur Gladiator)              Turns: 5502, Time: 00:09:18

Health: -13/70     AC:  3    Str: 19    XL:     8   Next: 18%
Magic:  7/7        EV: 13    Int:  6    God:
Gold:   361        SH:  0    Dex: 13    Spells: 7/7 levels left

rFire    . . .     SeeInvis .   a - +0 quarterstaff
rCold    . . .     Gourm    .   (shield currently unavailable)
rNeg     . . .     Faith    .   b - +0 leather armour
rPois    .         Spirit   .   c - +0 hat
rElec    .         Reflect  .   (no cloak)
rCorr    .         Harm     .   (no gloves)
MR       .....     Rnd*Tele +   (no boots)
Stlth    +.........             (no amulet)
HPRegen  0.21/turn              l - ring of teleportation (curse)
MPRegen  0.10/turn              (no ring)

@: no status effects
A: retaliatory headbutt, horns 2
a: no special abilities


You were on level 5 of the Dungeon.
You were very hungry.

You visited 1 branch of the dungeon, and saw 5 of its levels.

You collected 361 gold pieces.

Inventory:

Hand Weapons
 a - a +0 quarterstaff (weapon)
Missiles
 d - 2 throwing nets (quivered)
Armour
 b - a +0 leather armour (worn)
 c - a +0 hat (worn)
Jewellery
 l - a cursed ring of teleportation (left hand)
Wands
 s - a wand of iceblast (13)
Scrolls
 h - 7 scrolls of identify {unknown}
 j - 3 scrolls of remove curse {unknown}
 p - 4 scrolls of enchant armour {unknown}
 r - a scroll of teleportation {unknown}
Potions
 e - 2 potions of mutation {unknown}
 g - a potion of berserk rage {unknown}
 i - 2 potions of ambrosia {unknown}
 k - a potion of resistance {unknown}
 m - a potion of haste {unknown}
 n - 2 potions of curing {unknown}
 o - 2 potions of might {unknown}
 q - 2 potions of lignification {unknown}
Comestibles
 f - 8 rations


   Skills:
 * Level 5.9 Fighting
 + Level 10.8 Staves
 - Level 2.0 Throwing
 - Level 3.2 Dodging


You had 7 spell levels left.
You didn't know any spells.
Your spell library contained the following spells:

 Spells                   Type           Power        Failure   Level  Hunger
 Magic Dart               Conj           #...         52%         1    ##.....
 Searing Ray              Conj           #.....       65%         2    ###....
 Dazzling Spray           Conj/Hex       #.....       87%         3    ####...
 Force Lance              Conj/Tloc      #.......     99%         4    #####..
 Fulminant Prism          Conj/Hex       #.........   99%         4    #####..
 Iskenderun's Mystic Bla  Conj           #.......     99%         4    #####..


Dungeon Overview and Level Annotations

Branches:
Dungeon (5/15)
 Temple: D:4-7

Altars:
Elyvilon
Gozag
Hepliaklqana
Kikubaaqudgha
Vehumet


Innate Abilities, Weirdness & Mutations

You reflexively headbutt those who attack you in melee.
You have a pair of horns on your head.


Message History

The ooze quivers.
Found a stone staircase leading down.
A jackal comes into view.
Found a dagger. 2 jackals come into view.
The jackal barks! x3
You closely miss the jackal.
You headbutt the jackal, but do no damage.
The orc closely misses you.
The jackal bites you but does no damage.
You sock the jackal!
You kill the jackal!
The orc hits you with a flail!
* * * LOW HITPOINT WARNING * * *
Found a dagger.
The jackal bites you but does no damage.
The jackal bites you.
* * * LOW HITPOINT WARNING * * *
The ogre hits you with a giant club!!
You die...

#.. ..# #.#####.####
#####.##)......#
..##.##.##....###
#.##....O.......#
####.#...#.#.......#
#......#...#Jhoh...#
#O##.#...#####O..###
##.##.#########.@.#
..O..........###.##
#..###.......# #.#
.J.# #.$.....# #.#
.O####.......# )..
#............# ...
#..###.......# ...
...#.........#####.
##.#.#..####.#####


You could see 2 ogres, an ooze, an orc and 2 jackals.

Vanquished Creatures
  A sky beast (D:5)
  A phantom (D:2)
  7 big kobolds
  A scorpion (D:4)
  An orc priest (D:4)
  A bullfrog skeleton (D:4)
  2 orc wizards
  An iguana (D:4)
  A worker ant (D:4)
  A hound skeleton (D:4)
  6 adders
  4 gnolls
  An ooze (D:3)
  4 worms (D:2)
  10 dart slugs
  2 leopard geckos
  20 orcs
  8 bats
  4 giant cockroaches
  9 goblins
  4 hobgoblins
  11 jackals
  40 kobolds
  3 quokkas (D:3)
  2 ball pythons
  2 frilled lizards
  4 rats
  2 rat zombies (D:4)
153 creatures vanquished.

Notes
Turn   | Place    | Note
-------+----------+-------------------------------------------
     0 | D:1      | Grim the Minotaur Gladiator began the quest for the Orb.
     0 | D:1      | Reached XP level 1. HP: 18/18 MP: 0/0
   102 | D:1      | Reached skill level 4 in Staves
   164 | D:1      | Reached XP level 2. HP: 22/25 MP: 1/1
   562 | D:2      | Noticed a phantom
   592 | D:2      | Killed a phantom
   592 | D:2      | Reached skill level 6 in Staves
   592 | D:2      | Reached XP level 3. HP: 8/30 MP: 2/2
   592 | D:2      | Reached XP level 4. HP: 10/37 MP: 3/3
   912 | D:2      | Found a radiant altar of Vehumet.
  1165 | D:2      | Found an opulent altar of Gozag.
  1172 | D:2      | Found a hazy altar of Hepliaklqana.
  1184 | D:2      | Reached XP level 5. HP: 31/42 MP: 4/4
  1189 | D:2      | Reached skill level 7 in Staves
  2436 | D:3      | Reached skill level 8 in Staves
  2486 | D:3      | Reached XP level 6. HP: 50/50 MP: 5/5
  2783 | D:3      | Reached skill level 9 in Staves
  2841 | D:3      | Reached XP level 7. HP: 48/56 MP: 6/6
  3054 | D:2      | Reached skill level 10 in Staves
  4307 | D:4      | Reached skill level 5 in Fighting
  4472 | D:4      | Reached XP level 8. HP: 45/68 MP: 7/7
  4914 | D:4      | Found a white marble altar of Elyvilon.
  4943 | D:4      | Found an ancient bone altar of Kikubaaqudgha.
  5431 | D:5      | Entered Level 5 of the Dungeon
  5502 | D:5      | Mangled by an ogre

Skill      XL: |  1  2  3  4  5  6  7 |
---------------+----------------------+-----
Staves         | 4 6 8 9 10 | 10.8
Fighting       | 5 |  5.9
Throwing       | |  2.0
Dodging        | |  3.2

Action                   |  1- 3 |  4- 6 |  7- 9 || total
-------------------------+-------+-------+-------++-------
Melee: Quarterstaff      |    21 |   189 |   138 ||   348
       Headbutt          |     4 |    28 |    26 ||    58
Throw: Throwing net      |       |       |     3 ||     3
  Eat: Chunk             |       |     5 |     5 ||    10
       Ration            |       |       |     1 ||     1
Armor: Leather armour    |     7 |    34 |    17 ||    58
Dodge: Dodged            |    17 |   113 |    95 ||   225
